 Dungeon Crawl Stone Soup version 0.19.1-1-g22dce08 (webtiles) character file.

175 Haldmier the Insei (level 5, 0/27 HPs)
             Began as a Vine Stalker Transmuter on Dec 30, 2016.
             Slain by an adder (2 damage)
             ... in a sewer.
             The game lasted 00:08:14 (2866 turns).

Haldmier the Insei (Vine Stalker Transmuter)        Turns: 2866, Time: 00:08:15

Health: 0/27       AC:  3    Str: 12    XL:     5   Next: 55%
Magic:  0/9        EV: 12    Int: 14    God:
Gold:   199        SH:  0    Dex: 15    Spells: 3 memorised, 2 levels left

rFire  . . .     SeeInvis .       - Unarmed
rCold  + . .     Gourm    .     b - +0 robe
rNeg   . . .     Faith    .     (no shield)
rPois  .         Spirit   +     (no helmet)
rElec  .         Reflect  .     g - +0 cloak
rCorr  .         Harm     .     (no gloves)
MR     .....                    (no boots)
Stlth  +.........               (no amulet)
                                (no ring)
                                j - ring of protection from cold

@: no status effects
A: fangs 2, regeneration 1, magic shield, antimagic bite, no device heal 3, rot
immunity
a: no special abilities


You were in a sewer.
You were very hungry.

You visited 1 branch of the dungeon, and saw 3 of its levels.
You also visited: Sewer.

You collected 199 gold pieces.

Inventory:

Hand Weapons
 A - a +0 blowgun
Missiles
 a - 12 arrows
 n - 78 stones (quivered)
 B - 8 poisoned needles
Armour
 b - a +0 robe (worn)
 g - a +0 cloak (worn)
Jewellery
 j - a ring of protection from cold (left hand)
 y - an uncursed ring of ice
Scrolls
 i - 2 scrolls of magic mapping {unknown}
 m - 2 scrolls of remove curse {unknown}
 o - 3 scrolls of amnesia {unknown}
 q - 2 scrolls of teleportation {unknown}
 r - 3 scrolls of recharging {unknown}
 t - 2 scrolls of identify {unknown}
Potions
 e - a potion of magic {unknown}
 f - 2 potions of berserk rage {unknown}
 k - 3 potions of curing
 l - 2 potions of flight {unknown}
 u - a potion of resistance {unknown}
 v - a potion of might {unknown}
 w - 2 potions of heal wounds {unknown}
 C - a potion of brilliance {unknown}
Books
 c - a book of Changes

   Spells                             Type                      Level
   a - Beastly Appendage              Transmutation                1
   b - Sticks to Snakes               Transmutation                2
   c - Spider Form                    Transmutation/Poison         3
   d - Ice Form                       Ice/Transmutation            4
   e - Blade Hands                    Transmutation                5
Comestibles
 d - 4 bread rations
 h - 3 fruits
 p - 2 meat rations
 s - a beef jerky
 x - a slice of pizza
 z - 9 chunks of flesh


   Skills:
 + Level 2.4 Fighting
 - Level 1.5 Dodging
 * Level 4.3 Unarmed Combat
 - Level 2.1 Spellcasting
 + Level 3.3 Transmutations
 + Level 1.3 Poison Magic


You had 2 spell levels left.
You knew the following spells:

 Your Spells              Type           Power        Failure   Level  Hunger
a - Beastly Appendage     Tmut           ##....       10%         1    #......
b - Sticks to Snakes      Tmut           ##......     12%         2    ###....
c - Spider Form           Tmut/Pois      #.........   30%         3    ###....


Dungeon Overview and Level Annotations

Branches:
Dungeon (3/15)

Altars:
Kikubaaqudgha
Okawaru
The Shining One


Innate Abilities, Weirdness & Mutations

You have extremely sharp teeth.
Your natural rate of healing is unusually fast.
When hurt, damage is shared between your health and your magic reserves.
Your bite disrupts and absorbs the magic of your enemies.
Potions and wands cannot restore your health.
You are immune to rotting.


Message History

You take 4 damage, and have 7/27 hp.
You feel sick.
You feel sick.
You take 1 damage, and have 6/27 hp.
The adder bites you.
* * * LOW HITPOINT WARNING * * *
You see here a rat corpse.
You take 2 damage, and have 4/27 hp.
You now have 2/9 mp.
You feel sick.
You take 1 damage, and have 3/27 hp.
You hit the adder. Your bite misses the adder.
The adder is severely wounded.
The adder bites you.
* * * LOW HITPOINT WARNING * * *
You are lethally poisoned!
The adder poisons you!
You take 2 damage, and have 1/27 hp.
You now have 0/9 mp.
It was a potion of curing.
Your system rejects the healing.
You feel better. The adder bites you.
You die...

#### #### #### ....# ###..##
##.... .....###.....####.....
....................#
.......r.S##@......## ...
#.....r####S..†....##.....
##≈.....##.r.............###
≈≈≈≈.≈.≈†.r........≈≈.≈≈.##≈≈
≈≈≈≈≈≈≈≈≈≈≈≈≈≈r..≈.≈≈..≈≈≈≈≈≈≈≈≈≈
#≈≈≈≈≈≈≈≈≈≈≈≈≈≈≈≈≈≈≈≈≈≈≈≈≈≈≈≈≈≈≈≈
≈≈≈≈≈≈≈≈≈≈≈≈≈≈≈≈≈≈≈≈≈≈≈≈≈≈≈≈≈≈≈≈≈
#≈≈≈≈≈≈≈≈≈≈≈≈≈≈.≈.≈≈..≈≈≈≈≈≈≈≈≈≈≈
#≈≈≈≈≈≈≈≈≈≈≈≈..≈÷....≈.≈≈≈≈≈≈≈≈≈≈


You could see an adder, a river rat and 2 rats.

Vanquished Creatures
  A big kobold (Sewer)
  4 river rats (Sewer)
  An ooze (D:2)
  A worm (D:2)
  2 dart slugs
  A leopard gecko (D:2)
  5 bats (D:1)
  6 goblins
  5 hobgoblins
  A jackal (D:1)
  4 ball pythons (Sewer)
  A frilled lizard (D:1)
  7 kobolds
  24 rats
63 creatures vanquished.

Notes
Turn   | Place    | Note
-------+----------+-------------------------------------------
     0 | D:1      | Haldmier the Vine Stalker Transmuter began the quest for the Orb.
     0 | D:1      | Reached XP level 1. HP: 9/9 MP: 4/4
    13 | D:1      | Reached skill level 1 in Fighting
   431 | D:1      | Reached XP level 2. HP: 13/14 MP: 6/6
  1068 | D:2      | Learned a level 2 spell: Sticks to Snakes
  1094 | D:2      | Reached XP level 3. HP: 18/18 MP: 5/7
  1102 | D:2      | Learned a level 3 spell: Spider Form
  1135 | D:2      | Found an ancient bone altar of Kikubaaqudgha.
  1240 | D:2      | Found a glowing golden altar of the Shining One.
  1654 | D:2      | Found an iron altar of Okawaru.
  2084 | D:3      | Found a glowing drain.
  2089 | Sewer    | Entered a sewer
  2487 | Sewer    | Gained mutation: Your natural rate of healing is unusually fast. [Vine Stalker growth]
  2487 | Sewer    | Reached XP level 4. HP: 14/23 MP: 3/8
  2665 | Sewer    | Noticed a big kobold
  2688 | Sewer    | Killed a big kobold
  2688 | Sewer    | Reached skill level 4 in Unarmed Combat
  2688 | Sewer    | Reached skill level 1 in Poison Magic
  2688 | Sewer    | Reached XP level 5. HP: 22/26 MP: 6/9
  2865 | Sewer    | HP: 1/27 [adder (2)]
  2866 | Sewer    | Slain by an adder

Skill      XL: |  1  2  3  4 |
---------------+-------------+-----
Fighting       | 1 2 |  2.4
Unarmed Combat | 4 |  4.3
Transmutations | 3 |  3.3
Poison Magic   | 1 |  1.3
Dodging        | |  1.5
Spellcasting   | |  2.1

Action                   |  1- 3 |  4- 6 || total
-------------------------+-------+-------++-------
Melee: Unarmed           |   104 |    82 ||   186
       Headbutt          |    10 |     1 ||    11
       Bite              |    16 |    20 ||    36
       Kick              |     6 |    12 ||    18
       Punch             |     1 |     1 ||     2
 Cast: Beastly Appendage |    29 |     8 ||    37
  Use: Potion            |       |     1 ||     1
 Stab: Sleeping          |     2 |       ||     2
  Eat: Chunk             |     5 |     1 ||     6
Armor: Robe              |    29 |    14 ||    43
Dodge: Dodged            |    48 |    60 ||   108
